 Dungeon Crawl Stone Soup version 0.31-a0-620-gd1cbd99268 (webtiles) character file.

Game seed: 12825771580299249257

6792 ytrimaz the Mimic (level 11, -11/74 HPs)
             Began as an Octopode Shapeshifter on Aug 23, 2023.
             Was a Follower of Ashenzari.
             Mangled by a slime creature (15 damage)
             ... in a Gauntlet.
             The game lasted 00:14:09 (10340 turns).

ytrimaz the Mimic (Octopode Shapeshifter)          Turns: 10340, Time: 00:14:09

Health: -11/74     AC:  1    Str: 22    XL:     11   Next: 5%
Magic:  11/11      EV: 18    Int: 10    God:    Ashenzari [*.....]
Gold:   535        SH:  0    Dex: 16    Spells: 10/10 levels left

rFire   . .          .
                       - Unarmed
rCold   . . .        (shield currently unavailable)
rNeg    + + .        (helmet restricted)
rPois   .            (no amulet)
rElec   .            e - ring of the Bound Seeker {rN+, Melee, Comp} (curse)
rCorr   .            o - ring "Doubts of Ashenzari" {rN+, Comp, Melee} (curse)
SInv    .            n - ring "Scepticism of Ashenzari" {Str+6, Self, Bglg} (curse)
Will    .....        (no ring)
Stlth   +++          (no ring)
HPRegen 0.32/turn    (no ring)
MPRegen 0.12/turn    (no ring)
                     (no ring)

%: no teleportation
@: flux-form, glowing
A: glow, contaminating, almost no armour, amphibious, 8 rings, camouflage 1,
gelatinous body 1, (nimble swimmer 1), tentacles
a: Begin Untransformation, Renounce Religion, Curse Item, Shatter the Chains


You were in a Gauntlet.
You worshipped Ashenzari.
Ashenzari was aware of your devotion.
You were something dangerously unstable.
You visited 3 branches of the dungeon, and saw 11 of its levels.
You also visited: Gauntlet.

You collected 535 gold pieces.


Innate Abilities, Weirdness & Mutations

You are something dangerously unstable.
You glow with magical radiation, making you easy to see and hit.
Foes you strike become dangerously contaminated with magical radiation.
You are incapable of wielding weapons or throwing items.
You cannot wear most types of armour.
You are amphibious.
You can wear up to eight rings at the same time.
Your skin changes colour to match your surroundings (Stealth+).
Your rubbery body absorbs attacks. (AC +1, EV +1)
((You are camouflaged when in or above water. (Stealth+)))
You have tentacles for arms and can constrict up to eight enemies at once.


   Skills:
 + Level 5.8(6.6) Fighting
 - Level 10.0 Dodging
 - Level 10.6 Stealth
 + Level 6.1(7.3) Unarmed Combat
 * Level 11.1 Shapeshifting


You had 10 spell levels left.
You didn't know any spells.
Your spell library contained the following spells:

 Spells                   Type           Power      Damage    Failure   Level
 Slow                     Hex            0%         N/A       36%         1
 Lesser Beckoning         Tloc           0%         N/A       50%         2
 Confusing Touch          Hex            0%         N/A       73%         3
 Gell's Gravitas          Tloc           0%         N/A       73%         3
 Teleport Other           Tloc           0%         N/A       73%         3
 Vampiric Draining        Necr           0%         2d6       73%         3
 Alistair's Intoxication  Tmut/Pois      0%         N/A       100%        5
 Borgnjor's Vile Clutch   Necr/Erth      0%         N/A       100%        5
 Dispersal                Tloc           0%         N/A       100%        6
 Eringya's Noxious Bog    Tmut/Pois      0%         4d6       100%        6
 Malign Gateway           Summ/Tloc      0%         N/A       100%        7
 Summon Horrible Things   Summ           0%         N/A       100%        8

Inventory:

Jewellery
 e - the cursed ring of the Bound Seeker (left tentacle) {rN+, Melee, Comp}
   (You found it on level 3 of the Dungeon)

   [ring of positive energy]

   rN+:       It protects you from negative energy.
   It has a curse which improves the following skills: Melee Combat: Short
   Blades, Long Blades, Axes, Maces & Flails, Polearms, Staves and Unarmed
   Combat.
   Companions: Summonings and Necromancy.
 m - a ring of fire
   (You found it on level 2 of the Dungeon)
 n - the cursed ring "Scepticism of Ashenzari" (on tentacle) {Str+6, Self, Bglg}
   (You found it on level 8 of the Dungeon)

   [ring of strength]

   Str+6:     It affects your strength (+6).
   It has a curse which improves the following skills: Introspection: Fighting
   and Spellcasting.
   Beguiling: Conjurations, Hexes and Translocations.
 o - the cursed ring "Doubts of Ashenzari" (right tentacle) {rN+, Comp, Melee}
   (You found it on level 3 of the Dungeon)

   [ring of positive energy]

   rN+:       It protects you from negative energy.
   It has a curse which improves the following skills: Companions: Summonings
   and Necromancy.
   Melee Combat: Short Blades, Long Blades, Axes, Maces & Flails, Polearms,
   Staves and Unarmed Combat.
Talismans
 b - a beast talisman
 c - a flux talisman (active)
Wands
 i - a wand of flame (6)
   (You found it on level 1 of the Lair of Beasts)
 p - a wand of iceblast (11)
   (You found it on level 3 of the Dungeon)
 y - a wand of paralysis (2) (quivered)
   (You found it on level 8 of the Dungeon)
Scrolls
 a - a scroll of poison
 d - 3 scrolls of vulnerability
 f - a scroll of brand weapon
 h - a scroll of enchant armour
 k - a scroll of teleportation
 s - a scroll of silence
 u - a scroll of enchant weapon
 v - a scroll of fog
 x - 2 scrolls of identify
Potions
 g - a potion of enlightenment
 j - 2 potions of magic
 l - a potion of might
 q - 2 potions of brilliance
 A - a potion of cancellation

Dungeon Overview and Level Annotations

Branches:
Dungeon (9/15) Zot: 24946  Temple (1/1) D:6 Zot: 5991    Lair (1/5) D:8 Zot: 5575
Gauntlet (1/1) Zot: 5511
    Orc: D:9-12

Altars:
Ashenzari
Cheibriados
Dithmenos
Elyvilon
Fedhas
Gozag
Kikubaaqudgha
Makhleb
Nemelex Xobeh
Okawaru
Qazlal
Ru
Sif Muna
Trog
Vehumet
Wu Jian
Xom
Yredelemnul
Zin
The Shining One

Annotations:
D:7 1 runed translucent door, exclusion: steam dragon, Crazy Yiuf Gauntlet 10 transporters

..≈§............≈.............≈##
.≈8≈...........≈8≈........∩...∩#8
..≈§............§.............≈##
#...###########...###########..#
#...#.........#...#}#..#....#..##
#...#..##.##..#...#..#..#...#..#8
#####%#..#..#.######..#..#..#..##
#...#(#..#©.#.#.JJ#J#..#..#.#..#
#©.©#©.#####.Y#©B©#J.#..#©.##©.##
#...#.#..#..#9#...#.#..#..#.#..#8
#####.#..#..#.######..#..#..#..##
#...#.9##.##..#...#..#..#...#..#
#.8.#.........#.8.#$#..#....#..##
#...###########...###########..#8
...............................##
..............................≈#
################################


You could see a catoblepas, 3 slime creatures, a gargoyle and a jelly.


Message History

Two slime creatures merge to form an enormous slime creature.
Partly explored, unvisited transporter.
Partly explored, unvisited transporter.
Partly explored, unvisited transporter.
Press: ? - help, v - describe, . - travel, g - get item Item here: the +1 hat of Huphuuw {Fly rPois Str-2}.
The floor.
Press: ? - help, v - describe, . - travel, g - get item Item here: the ring "Lojonahi" {rElec rPois SInv}.
The floor.
Unknown command.
Press: ? - help, v - describe, . - travel, g - get item Item here: a dragon-blood talisman.
The floor.
Okay, then.
The catoblepas bellows!
The slime creature jiggles.
The slime creature quivers.
The slime creature quivers.
Two slime creatures merge to form a large slime creature.
Two slime creatures merge to form a very large slime creature.
The slime creature quivers.
There is a transporter here.
A very large slime creature splits.
Two slime creatures merge to form a very large slime creature.
The jelly jiggles.
A very large slime creature splits.
Two slime creatures merge to form a large slime creature.
A large slime creature splits.
Two slime creatures merge to form a very large slime creature.
A very large slime creature splits.
Two slime creatures merge to form a very large slime creature.
There is a transporter here.
You enter the transporter and appear at another place.
The slime creature attacks as it pursues you!
The slime creature completely misses you.
The very large slime creature attacks as it pursues you!
The very large slime creature misses you.
The slime creature quivers.
There is a transporter here.
You enter the transporter and appear at another place.
Unknown command.
Unknown command.
Unknown command.
You tentacle-slap the very large slime creature.
The very large slime creature begins to glow.
The very large slime creature jiggles.
The very large slime creature completely misses you.
You tentacle-slap the very large slime creature.
The very large slime creature glows dangerously bright.
A very large slime creature splits.
Unknown command.
You tentacle-slap the large slime creature.
The large slime creature shudders as magic cascades through it.
The large slime creature twists and deforms.
You squeeze the large slime creature.
A large slime creature splits.
You tentacle-slap the slime creature.
The slime creature shudders as magic cascades through it!!
The slime creature twists and deforms.
The slime creature closely misses you. The slime creature hits you!
You tentacle-slap the slime creature.
The slime creature begins to glow.
The slime creature closely misses you.
The slime creature completely misses you.
The slime creature closely misses you. 😕 HP[-13]
You take 13 damage, and now have 61/74 hp.
You bludgeon the slime creature!
The slime creature glows dangerously bright.
The slime creature hits you! x3
* * * LOW HITPOINT WARNING * * *
😨 HP[-27]
You take 27 damage, and now have 34/74 hp.
MASSIVE DAMAGE!! (PAUSE)
You tentacle-slap the slime creature but do no damage.
The slime creature shudders as magic cascades through it!!
You kill the slime creature!
The slime creature hits you.
* * * LOW HITPOINT WARNING * * *
😨 HP[-6]
You take 6 damage, and now have 28/74 hp.
The slime creature closely misses you.
The slime creature completely misses you.
You tentacle-slap the slime creature.
The slime creature begins to glow.
You squeeze the slime creature! The slime creature closely misses you.
The slime creature hits you!
* * * LOW HITPOINT WARNING * * *
😱 HP[-14]
You take 14 damage, and now have 14/74 hp.
Unknown command.
You tentacle-slap the slime creature.
The slime creature glows dangerously bright.
The slime creature closely misses you. The slime creature hits you!
* * * LOW HITPOINT WARNING * * *
😱 HP[-10]
You take 10 damage, and now have 4/74 hp.
You bludgeon the slime creature!
The slime creature shudders as magic cascades through it.
The slime creature twists and deforms.
The slime creature misses you. The slime creature hits you!
You die...

Skill      XL: |  1  2  3  4  5  6  7  8  9 10 |
---------------+-------------------------------+-----
Stealth        | 1 2 3 10 | 10.6
Shapeshifting  | 4 10 11 | 11.1
Dodging        | 9 10 | 10.0
Fighting       | 2 3 4 5 |  5.8
Unarmed Combat | 5 6 |  6.1

Action                     |  1- 3 |  4- 6 |  7- 9 | 10-12 || total
---------------------------+-------+-------+-------+-------++-------
  Melee: Unarmed           |    62 |    53 |   200 |   167 ||   482
         Constrict         |    19 |    15 |    40 |    27 ||   101
         Tentacles         |    10 |     8 |    49 |    48 ||   115
         Punch             |     1 |       |     3 |     2 ||     6
 Invoke: Curse Item        |       |       |     1 |     2 ||     3
  Evoke: Wand              |       |       |    16 |     4 ||    20
    Use: Scroll            |       |     5 |     6 |     8 ||    19
         Potion            |       |     4 |     5 |     7 ||    16
   Stab: Sleeping          |     7 |     7 |    25 |     6 ||    45
         Paralysed         |       |       |       |     8 ||     8
         Distracted        |       |       |       |     1 ||     1
 Armour: Skin              |     2 |     4 |    22 |     6 ||    34
  Dodge: Dodged            |    31 |    26 |   126 |   142 ||   325
   Form: Flux              |       |       |       |     1 ||     1

Levels and vault maps discovered:
D:1:      eino_arrival_druids_welcome, layout_basic,
          chequers_ecumenical_altar_simple_redux, roderic_serpentine_path,
          chequers_serial_rivers_micro_b
D:2:      layout_basic, basic_altar
D:3:      layout_rooms
D:4:      layout_basic, hex_tiny, hellmonk_no_cap, uniq_grinder
D:5:      layout_loops_ring, xom_redecorated, kennysheep_slug_shrine
D:6:      layout_rooms, minmay_temple_entry_junction_2, minmay_splitting_lines,
          uniq_duvessa
D:7:      layout_basic, gammafunk_temple_overflow_statue,
          hangedman_abyss_or_decor_lesser_grid, uniq_crazy_yiuf_cottage
D:8:      layout_layer_cave, grunt_qazlal_clouds, nicolae_wu_jian_wuxing_cycle,
          lemuel_coloured_pillars_altar, due_lair_maze_entry_diamond,
          nicolae_the_louvre
D:9:      layout_big_octagon, nicolae_ru_the_path_less_chosen,
          serial_gnoll_camp, gnoll_camp_medium_02, gnoll_camp_mini_house,
          gnoll_camp_mini_house, gnoll_camp_mini_house,
          gnoll_camp_mini_sergeant, gnoll_camp_mini_loothouse,
          chequers_big_river, uniq_psyche
Temple:   nicolae_temple_x_marks_the_god
Lair:1:   layout_chaotic_city, gauntlet_entry_generic,
          nicolae_quartered_pool_super, serial_bayou_pond_b, grunt_megastairs_1
Gauntlet: gammafunk_gauntlet_hard_choice [gammafunk_gauntlet_arena_arrow_garden,
          gammafunk_gauntlet_arena_split_diamond,
          nicolae_gauntlet_arena_quarters, gammafunk_gauntlet_arena_chambers,
          gammafunk_gauntlet_arena_teeth, nicolae_gauntlet_arena_blocks,
          gauntlet_exit_green]

Notes
Turn   | Place    | Note
-------+----------+-------------------------------------------
     0 | D:1      | ytrimaz the Octopode Shapeshifter began the quest for the
                  | Orb.
     0 | D:1      | Reached XP level 1. HP: 13/13 MP: 1/1
     0 | D:1      | magus.rc [v1.9.6]
   139 | D:1      | Reached skill level 1 in Stealth
   179 | D:1      | Reached XP level 2. HP: 18/18 MP: 2/2
   340 | D:1      | Found a faded altar of an unknown god.
   395 | D:1      | Reached skill level 2 in Stealth
   395 | D:1      | Reached XP level 3. HP: 7/23 MP: 3/3
  1221 | D:2      | Found a bloodstained altar of Trog.
  1235 | D:2      | Reached skill level 4 in Shapeshifting
  1330 | D:2      | Reached XP level 4. HP: 19/28 MP: 4/4
  1507 | D:2      | You pick up a book of Displacement and begin reading...
  1507 | D:2      | You add the spells Lesser Beckoning, Gell's Gravitas and
                  | Teleport Other to your library.
  1534 | D:2      | Reached skill level 3 in Stealth
  1981 | D:3      | You pick up a book of Debilitation and begin reading...
  1981 | D:3      | You add the spells Slow, Vampiric Draining and Confusing
                  | Touch to your library.
  2319 | D:4      | Reached XP level 5. HP: 27/33 MP: 5/5
  2682 | D:4      | Noticed a sky beast
  2686 | D:4      | HP: 7/33 [sleepcap (21)]
  2690 | D:4      | Identified 2 potions of experience
  2690 | D:4      | Reached skill level 10 in Stealth
  2690 | D:4      | Reached skill level 10 in Shapeshifting
  2690 | D:4      | Reached XP level 6. HP: 13/38 MP: 6/6
  2691 | D:4      | Reached skill level 9 in Dodging
  2691 | D:4      | Reached XP level 7. HP: 14/43 MP: 7/7
  2705 | D:4      | HP: 15/64 [something (3)]
  3114 | D:4      | Noticed Grinder
  3132 | D:4      | Killed Grinder
  3354 | D:5      | Entered Level 5 of the Dungeon
  3391 | D:5      | Reached skill level 2 in Fighting
  3391 | D:5      | Reached XP level 8. HP: 45/50 MP: 8/8
  3639 | D:5      | You add the spells Malign Gateway and Summon Horrible
                  | Things to your library.
  4056 | D:5      | Found a shimmering altar of Xom.
  4060 | D:5      | Found a shimmering altar of Xom.
  4061 | D:5      | Found a shimmering altar of Xom.
  4061 | D:5      | Found a shimmering altar of Xom.
  4062 | D:5      | Found a shimmering altar of Xom.
  4063 | D:5      | Found a shimmering altar of Xom.
  4095 | D:5      | Reached skill level 10 in Dodging
  4182 | D:5      | Found a snail-covered altar of Cheibriados.
  4238 | D:5      | HP: 6/51 [orc priest/divine providence (12)]
  4681 | D:6      | Noticed Dowan
  4681 | D:6      | Noticed a wyvern
  4683 | D:6      | Noticed Duvessa
  4688 | D:6      | Killed a wyvern
  4689 | D:6      | Reached skill level 3 in Fighting
  4692 | D:6      | HP: 12/52 [Duvessa/+0 short sword (14)]
  4698 | D:6      | Killed Duvessa
  4699 | D:6      | Reached XP level 9. HP: 25/56 MP: 9/9
  4711 | D:6      | Killed Dowan
  4990 | D:6      | Found a staircase to the Ecumenical Temple.
  5003 | D:6      | Reached skill level 4 in Unarmed Combat
  5071 | D:6      | Noticed a boulder beetle
  5180 | D:6      | Killed a boulder beetle
  5461 | D:6      | Reached skill level 4 in Fighting
  5651 | Temple   | Entered the Ecumenical Temple
  5655 | Temple   | Became a worshipper of Ashenzari the Shackled
  5875 | D:7      | Found a runed translucent door.
  5876 | D:7      | Noticed Crazy Yiuf
  6289 | D:7      | Found a shimmering blue altar of Sif Muna.
  6289 | D:7      | Found an opulent altar of Gozag.
  6610 | D:8      | HP: 14/59 [poisoned by an orc]
  7023 | D:8      | Found a stormy altar of Qazlal.
  7092 | D:8      | You add the spells Alistair's Intoxication, Borgnjor's Vile
                  | Clutch and Eringya's Noxious Bog to your library.
  7096 | D:8      | Noticed a hornet
  7236 | D:8      | Found a shadowy altar of Dithmenos.
  7292 | D:8      | Found a staircase to the Lair.
  7313 | D:8      | Reached skill level 5 in Unarmed Combat
  7313 | D:8      | Reached XP level 10. HP: 53/65 MP: 10/10
  7373 | D:8      | HP: 13/65 [something/puff of flame (11)]
  7682 | D:9      | Found a sacrificial altar of Ru.
  7704 | D:9      | Reached * piety under Ashenzari
  7724 | D:9      | HP: 12/65 [electric eel/bolt of electricity (12)]
  7728 | D:9      | HP: 3/65 [electric eel/bolt of electricity (12)]
  8089 | D:8      | HP: 14/65 [yak (9)]
  8117 | D:8      | HP: 16/65 [bullfrog (2)]
  8405 | D:8      | Reached skill level 5 in Fighting
  8610 | D:8      | Found an ornate altar of the Wu Jian Council.
  9242 | D:8      | Paralysed by a hornet for 1 turns
  9419 | Lair:1   | Entered Level 1 of the Lair of Beasts
  9544 | Lair:1   | HP: 10/68 [komodo dragon (12)]
  9583 | Lair:1   | HP: 14/68 [yak (8)]
  9676 | Lair:1   | HP: 15/68 [yak (15)]
  9677 | Lair:1   | Noticed a cane toad
  9686 | Lair:1   | HP: 13/68 [wolf (5)]
  9691 | Lair:1   | HP: 13/68 [wolf (1)]
  9707 | Lair:1   | HP: 13/69 [wolf (7)]
  9709 | Lair:1   | Reached skill level 11 in Shapeshifting
  9766 | Lair:1   | HP: 16/69 [yak (2)]
  9771 | Lair:1   | Reached skill level 6 in Unarmed Combat
  9780 | Lair:1   | Reached XP level 11. HP: 21/74 MP: 11/11
  9841 | Lair:1   | Found a gate leading to a gauntlet.
  9841 | Lair:1   | HP: 18/74 [yak (3)]
  9848 | Lair:1   | HP: 15/74 [cane toad (5)]
  9850 | Lair:1   | HP: 7/74 [poisoned by a cane toad]
  9851 | Gauntlet | Entered a Gauntlet
  9851 | Gauntlet | Noticed a soul eater
  9851 | Gauntlet | Found a transporter.
  9851 | Gauntlet | Found a transporter.
 10049 | Gauntlet | Found a transporter.
 10049 | Gauntlet | Found a transporter.
 10053 | Gauntlet | Noticed a catoblepas
 10057 | Gauntlet | Found a transporter.
 10057 | Gauntlet | Found a transporter.
 10063 | Gauntlet | Found a transporter.
 10064 | Gauntlet | Found a transporter.
 10068 | Gauntlet | Identified the amulet "Ileqo" {rN+ Regen+ rCorr}
 10075 | Gauntlet | Found a transporter.
 10077 | Gauntlet | Found a transporter.
 10077 | Gauntlet | Found a transporter.
 10085 | Gauntlet | Identified the +1 hat of Huphuuw {Fly rPois Str-2}
 10181 | Gauntlet | Found a transporter.
 10194 | Gauntlet | Identified the +1 longbow of Adis {heavy, Str+4}
 10194 | Gauntlet | Identified the ring "Lojonahi" {rElec rPois SInv}
 10338 | Gauntlet | HP: 14/74 [slime creature (15)]
 10339 | Gauntlet | HP: 4/74 [slime creature (10)]
 10340 | Gauntlet | Mangled by a slime creature

Vanquished Creatures
  A boulder beetle (D:6)
  2 komodo dragons (Lair:1)
  A hornet (D:8)
  Grinder (D:4)
  A slime creature (Gauntlet)
  A wraith (D:9)
  2 wyverns
  6 yaks
  A steam dragon (D:7)
  Duvessa (D:6)
  4 water moccasins
  An orc warrior (D:9)
  An ice beast (D:5)
  4 sky beasts
  2 black bears (D:8)
  5 wolves (Lair:1)
  2 centaurs (D:6)
  A phantom (D:5)
  6 bullfrogs
  3 scorpions
  Dowan (D:6)
  2 jellies (D:5)
  A gnoll bouda (D:9)
  5 orc priests
  3 sleepcaps
  6 hounds
  An iguana (D:4)
  6 orc wizards
  4 adders
  3 gnolls
  A shadow imp (D:8)
  2 white imps
  An ufetubus (D:5)
  5 worms
  3 dart slugs
  26 orcs
  4 ball pythons
  6 bats
  7 endoplasms
  3 giant cockroaches
  3 goblins
  8 hobgoblins
  3 jackals (D:4)
  8 kobolds
  4 quokkas
  2 frilled lizards (D:3)
  4 rats
168 creatures vanquished.

Table legend:
 A = Non-vault XP
 B = Vault XP
 C = Vault XP percentage of total XP
 D = Non-vault monster count
 E = Vault monster count
 F = Vault count percentage of total count
                 A         B        C        D         E       F
            +---------+---------+-------+---------+---------+-------
      Total |    6680 |    2517 |  27.4 |     144 |      24 |  14.3
            +---------+---------+-------+---------+---------+-------
        D:1 |      61 |       0 |   0.0 |      27 |       0 |   0.0
        D:2 |      38 |       0 |   0.0 |      11 |       0 |   0.0
        D:3 |      41 |       0 |   0.0 |      14 |       0 |   0.0
        D:4 |      49 |     489 |  90.9 |       8 |       6 |  42.9
        D:5 |     875 |       4 |   0.5 |      30 |       1 |   3.2
        D:6 |    1530 |     221 |  12.6 |      14 |       2 |  12.5
        D:7 |     270 |       0 |   0.0 |       5 |       0 |   0.0
        D:8 |    1093 |    1480 |  57.5 |      19 |      10 |  34.5
        D:9 |     348 |     113 |  24.5 |       3 |       4 |  57.1
     Lair:1 |    2146 |     210 |   8.9 |      12 |       1 |   7.7
   Gauntlet |     229 |       0 |   0.0 |       1 |       0 |   0.0
            +---------+---------+-------+---------+---------+-------

Skill      XL: |  1  2  3  4  5  6  7  8  9 10 |
---------------+-------------------------------+-----
Stealth        | 1 2 3 10 | 10.6
Shapeshifting  | 4 10 11 | 11.1
Dodging        | 9 10 | 10.0
Fighting       | 2 3 4 5 |  5.8
Unarmed Combat | 5 6 |  6.1

Action                     |  1- 3 |  4- 6 |  7- 9 | 10-12 || total
---------------------------+-------+-------+-------+-------++-------
  Melee: Unarmed           |    62 |    53 |   200 |   167 ||   482
         Constrict         |    19 |    15 |    40 |    27 ||   101
         Tentacles         |    10 |     8 |    49 |    48 ||   115
         Punch             |     1 |       |     3 |     2 ||     6
 Invoke: Curse Item        |       |       |     1 |     2 ||     3
  Evoke: Wand              |       |       |    16 |     4 ||    20
    Use: Scroll            |       |     5 |     6 |     8 ||    19
         Potion            |       |     4 |     5 |     7 ||    16
   Stab: Sleeping          |     7 |     7 |    25 |     6 ||    45
         Paralysed         |       |       |       |     8 ||     8
         Distracted        |       |       |       |     1 ||     1
 Armour: Skin              |     2 |     4 |    22 |     6 ||    34
  Dodge: Dodged            |    31 |    26 |   126 |   142 ||   325
   Form: Flux              |       |       |       |     1 ||     1

Illustrated notes

Table legend:
 A = Kills in this place as a percentage of kills in the entire game.
 B = Kills by you in this place as a percentage of kills by you in the entire game.
 C = Kills by friends in this place as a percentage of kills by friends in the entire game.
 D = Other kills in this place as a percentage of other kills in the entire game.
 E = Experience gained in this place as a percentage of experience gained in the entire game.
 F = Experience gained in this place divided by the number of levels of this place that you have seen.
                   A       B       C       D       E      F
               +-------+-------+-------+-------+-------+----------------------
         Total | 100.0 | 100.0 |   N/A |   N/A | 100.0 | 766.4
       Dungeon |  91.7 |  91.7 |   N/A |   N/A |  71.9 | 734.7
          Lair |   7.7 |   7.7 |   N/A |   N/A |  25.6 | 2356.0
      Gauntlet |   0.6 |   0.6 |   N/A |   N/A |   2.5 | 229.0
               +-------+-------+-------+-------+-------+----------------------

Table legend: (Time is in decaauts)
 A = Elapsed time spent in this place.
 B = Non-inter-level travel time spent in this place.
 C = Inter-level travel time spent in this place.
 D = Time resting spent in this place.
 E = Time spent auto-exploring this place.
 F = Levels seen in this place.
 G = Mean time per level.
                   A        B        C        D        E       F      G
               +--------+--------+--------+--------+--------+-----+--------+
         Total |  10302 |  10062 |    240 |    646 |   7432 |  12 |  858.5 |
       Dungeon |   9381 |   9144 |    237 |    477 |   7089 |   9 | 1042.3 |
        Temple |      8 |      5 |      3 |      0 |      0 |   1 |    8.0 |
          Lair |    424 |    424 |      0 |    169 |      0 |   1 |  424.0 |
      Gauntlet |    487 |    487 |      0 |      0 |    343 |   1 |  487.0 |
               +--------+--------+--------+--------+--------+-----+--------+

Top non-repeatable levels by time:
     D:8: 2090 daAuts
     D:5: 1268 daAuts
     D:1: 1054 daAuts
     D:4: 1039 daAuts
     D:6: 1033 daAuts
     D:7: 864 daAuts
     D:9: 779 daAuts
     D:2: 674 daAuts
     D:3: 576 daAuts
Gauntlet: 487 daAuts
  Lair:1: 424 daAuts
  Temple: 8 daAuts
